 Dungeon Crawl Stone Soup version 0.28.0 (webtiles) character file.

Game seed: 3673826890995231128

1744246 Minsecho the Axe Maniac (level 27, 273/273 HPs)
             Began as a Hill Orc Monk on Feb 4, 2022.
             Was the Champion of Qazlal.
             Escaped with the Orb
             ... and 3 runes!
             The game lasted 03:45:28 (64261 turns).

Minsecho the Axe Maniac (Hill Orc Monk)            Turns: 64261, Time: 03:45:29

Health: 273/273    AC: 61    Str: 25    XL:     27
Magic:  42/42      EV: 13    Int: 10    God:    Qazlal [******]
Gold:   5098       SH: 30    Dex: 25    Spells: 30/38 levels left

rFire   + + +      SeeInvis .   f - +9 broad axe of Intimidation {holy, rF+ Str+3}
rCold   + + +      Faith    .   k - +2 shield of Resistance {rF++ rC++ Will++}
rNeg    + + .      Spirit   .   G - +13 crystal plate armour of the Gloaming {rC+ Slay+2}
rPois   .          Reflect  .   W - +2 helmet
rElec   .          Harm     .   V - +1 cloak
rCorr   +          Rampage  .   u - +2 pair of gloves
Will    ++++.                   i - +1 pair of boots {Fly}
Stlth   ..........              U - amulet of regeneration
HPRegen 1.35/turn               c - +4 ring of protection
MPRegen 0.28/turn               s - ring of Vuppo {rN++ rCorr Str-2 Int-2 Dex+8}

@: flying, studying 2 skills, repel missiles
A: clever 1, fire resistance 1, high MP 1, inability to read while threatened
0: Orb of Zot
}: 3/15 runes: serpentine, barnacled, silver
a: Renounce Religion, Upheaval, Elemental Force, Disaster Area


You escaped.
You worshipped Qazlal.
Qazlal was exalted by your worship.
You visited 11 branches of the dungeon, and saw 52 of its levels.
You also visited: Sewer, Ossuary and Desolation.

You collected 9988 gold pieces.
You spent 4890 gold pieces at shops.

Inventory:

Hand Weapons
 f - the +9 broad axe of Intimidation (weapon) {holy, rF+ Str+3}
   (You acquired it on level 1 of the Lair of Beasts)

   It has been blessed by the Shining One to cause great damage to the undead
   and demons.
   Str:       It affects your strength (+3).
   rF:        It protects you from fire.
 h - a +2 antimagic war axe
 v - a +8 broad axe of flaming
Missiles
 L - 5 throwing nets (quivered)
Armour
 i - a +1 pair of boots of flying (worn)
 k - the +2 shield of Resistance (worn) {rF++ rC++ Will++}
   (You found it in the Desolation of Salt)

   rF:        It greatly protects you from fire.
   rC:        It greatly protects you from cold.
   Will:      It greatly increases your willpower.
 u - a +2 pair of gloves (worn)
 G - the +13 crystal plate armour of the Gloaming (worn) {rC+ Slay+2}
   (You acquired it on level 1 of the Lair of Beasts)

   Slay:      It affects your accuracy & damage with ranged weapons and melee
   (+2).
   rC:        It protects you from cold.
 V - a +1 cloak (worn)
 W - a +2 helmet (worn)
Jewellery
 c - a +4 ring of protection (left hand)
 o - a ring of willpower
 q - a ring of see invisible
 s - the ring of Vuppo (right hand) {rN++ rCorr Str-2 Int-2 Dex+8}
   (You found it in the Desolation of Salt)

   [ring of resist corrosion]

   Str:       It affects your strength (-2).
   Int:       It affects your intelligence (-2).
   Dex:       It affects your dexterity (+8).
   rN:        It greatly protects you from negative energy.
   rCorr:     It protects you from acid and corrosion.
 y - a +4 ring of evasion
 I - the amulet of Moral Flaws {Acrobat rPois rN+++ Dex-5 Stlth-}
   (You found it on level 3 of the Elven Halls)

   [amulet of the acrobat]

   It increases your evasion while moving and waiting.
   Dex:       It affects your dexterity (-5).
   rPois:     It protects you from poison.
   rN:        It renders you almost immune to negative energy.
   Stlth:     It makes you less stealthy.
 J - a ring of positive energy
 U - an amulet of regeneration (around neck)
 X - the ring "Iploma" {Fly rPois Str+8}
   (You found it on level 5 of the Vaults)

   [ring of flight]

   Str:       It affects your strength (+8).
   rPois:     It protects you from poison.
   Fly:       It grants you flight.
Wands
 p - a wand of acid (5)
 w - a wand of mindburst (59)
 A - a wand of paralysis (17)
 D - a wand of iceblast (53)
 S - a wand of flame (64)
 Z - a wand of digging (9)
Scrolls
 d - 8 scrolls of vulnerability
 e - 17 scrolls of teleportation
 j - 4 scrolls of amnesia
 r - 11 scrolls of immolation
 t - 6 scrolls of magic mapping
 x - 3 scrolls of blinking
 C - 6 scrolls of summoning
 F - 8 scrolls of fog
 O - 2 scrolls of silence
 P - 11 scrolls of fear
 Q - 3 scrolls of holy word
Potions
 a - 20 potions of curing
 b - 7 potions of heal wounds
 g - 3 potions of cancellation
 l - 7 potions of might
 m - 10 potions of attraction
 n - 6 potions of haste
 E - 3 potions of berserk rage
 H - 4 potions of invisibility
 K - 13 potions of resistance
 N - 18 potions of ambrosia
 R - 5 potions of magic
Miscellaneous
 B - a piece from Xom's chessboard (15/15)
 M - a lightning rod (4/4)
 T - a tin of tremorstones (2/2)
 Y - a phantom mirror


   Skills:
 O Level 27 Fighting
 O Level 27 Axes
 + Level 24.5 Armour
 + Level 9.1 Dodging
 - Level 2.0 Stealth
 O Level 27 Shields
 + Level 6.0 Spellcasting
 + Level 23.1 Invocations
 - Level 4.9 Evocations


You had 30 spell levels left.
You knew the following spells:

 Your Spells              Type           Power      Damage    Failure   Level
a - Magic Dart            Conj           12%        1d3       88%         1
b - Ensorcelled Hibernat  Hex/Ice        6%         N/A       96%         2
c - Wereblood             Tmut           3%         N/A       96%         2
d - Confusing Touch       Hex            3%         N/A       99%         3

Your spell library contained the following spells:

 Spells                   Type           Power      Damage    Failure   Level
 Animate Skeleton         Necr           6%         N/A       88%         1
 Apportation              Tloc           6%         N/A       88%         1
 Beastly Appendage        Tmut           6%         N/A       88%         1
 Foxfire                  Conj/Fire      12%        2x1d4     88%         1
 Pain                     Necr           12%        1d4       88%         1
 Sandblast                Erth           6%         2d5       88%         1
 Slow                     Hex            12%        N/A       88%         1
 Sting                    Tmut/Pois      12%        1d3       88%         1
 Summon Small Mammal      Summ           12%        N/A       88%         1
 Blink                    Tloc           6%         N/A       96%         2
 Call Imp                 Summ           3%         N/A       96%         2
 Corpse Rot               Necr/Air       6%         N/A       96%         2
 Passwall                 Tmut/Erth      2%         N/A       96%         2
 Poisonous Vapours        Pois/Air       6%         N/A       96%         2
 Scorch                   Fire           6%         2d5       96%         2
 Searing Ray              Conj           6%         2d4       96%         2
 Static Discharge         Conj/Air       3%         N/A       96%         2
 Sublimation of Blood     Necr           3%         N/A       96%         2
 Call Canine Familiar     Summ           3%         N/A       99%         3
 Conjure Flame            Conj/Fire      3%         6-21      99%         3
 Dazzling Flash           Conj/Hex       6%         N/A       99%         3
 Frozen Ramparts          Ice            6%         1d2       99%         3
 Gell's Gravitas          Tloc           3%         N/A       99%         3
 Ignite Poison            Fire/Tmut/Pois 3%         N/A       99%         3
 Inner Flame              Hex/Fire       3%         N/A       99%         3
 Lesser Beckoning         Tloc           3%         N/A       99%         3
 Ozocubu's Armour         Ice            3%         N/A       99%         3
 Portal Projectile        Hex/Tloc       6%         N/A       99%         3
 Spider Form              Tmut/Pois      3%         N/A       99%         3
 Summon Guardian Golem    Hex/Summ       3%         N/A       99%         3
 Swiftness                Air            3%         N/A       99%         3
 Vampiric Draining        Necr           3%         2d6       99%         3
 Airstrike                Air            1%         N/A       100%        4
 Anguish                  Hex/Necr       1%         N/A       100%        4
 Animate Armour           Summ/Erth      6%         N/A       100%        4
 Animate Dead             Necr           1%         N/A       100%        4
 Cause Fear               Hex            1%         N/A       100%        4
 Flame Wave               Conj/Fire      3%         2d4       100%        4
 Fulminant Prism          Conj/Hex       1%         3d6       100%        4
 Ice Form                 Ice/Tmut       3%         N/A       100%        4
 Iskenderun's Mystic Bla  Conj/Tloc      3%         2d3       100%        4
 Leda's Liquefaction      Hex/Erth       1%         N/A       100%        4
 Olgreb's Toxic Radiance  Pois           3%         N/A       100%        4
 Petrify                  Tmut/Erth      3%         N/A       100%        4
 Sticky Flame             Conj/Fire      3%         2d3       100%        4
 Summon Ice Beast         Ice/Summ       3%         N/A       100%        4
 Summon Lightning Spire   Summ/Air       3%         N/A       100%        4
 Alistair's Intoxication  Tmut/Pois      2%         N/A       100%        5
 Blade Hands              Tmut           1%         N/A       100%        5
 Borgnjor's Vile Clutch   Necr/Erth      1%         N/A       100%        5
 Irradiate                Conj/Tmut      1%         3d14      100%        5
 Lee's Rapid Deconstruct  Erth           1%         3d5*      100%        5
 Lightning Bolt           Conj/Air       1%         1d12      100%        5
 Manifold Assault         Tloc           3%         N/A       100%        5
 Metabolic Englaciation   Hex/Ice        1%         N/A       100%        5
 Summon Forest            Summ/Tloc      1%         N/A       100%        5
 Summon Mana Viper        Hex/Summ       3%         N/A       100%        5
 Yara's Violent Unravell  Hex/Tmut       1%         3d3       100%        5
 Death Channel            Necr           1%         N/A       100%        6
 Dispersal                Tloc           1%         N/A       100%        6
 Eringya's Noxious Bog    Tmut/Pois      1%         N/A       100%        6
 Iron Shot                Conj/Erth      1%         9d1       100%        6
 Simulacrum               Ice/Necr       1%         N/A       100%        6
 Starburst                Conj/Fire      1%         6d3       100%        6
 Statue Form              Tmut/Erth      2%         N/A       100%        6
 Summon Cactus Giant      Summ           1%         N/A       100%        6
 Enfeeble                 Hex            1%         N/A       100%        7
 Malign Gateway           Summ/Tloc      1%         N/A       100%        7
 Spellforged Servitor     Conj/Summ      1%         N/A       100%        7
 Storm Form               Tmut/Air       1%         N/A       100%        7
 Summon Hydra             Summ           1%         N/A       100%        7
 Discord                  Hex            1%         N/A       100%        8
 Disjunction              Tloc           1%         N/A       100%        8
 Ignition                 Fire           1%         3d3       100%        8
 Maxwell's Capacitive Co  Air            1%         ∞         100%        8
 Summon Horrible Things   Summ           1%         N/A       100%        8
 Polar Vortex             Ice            1%         N/A       100%        9
 Shatter                  Erth           1%         3d6*      100%        9


Dungeon Overview and Level Annotations

Branches:
Dungeon (15/15)            Temple (1/1) D:6            Lair (6/6) D:8
 Shoals (4/4) Lair:3        Snake (4/4) Lair:4        Slime (0/5) Lair:6
    Orc (2/2) D:11            Elf (3/3) Orc:2        Vaults (5/5) D:14
  Crypt (3/3) Vaults:2       Tomb (0/3) Crypt:3      Depths (4/4) D:15
    Zot (5/5) Depths:4      Sewer (visited)         Ossuary (visited)
Desolation (visited)

Altars:
Ashenzari
Cheibriados
Dithmenos
Elyvilon
Fedhas
Gozag
Hepliaklqana
Kikubaaqudgha
Makhleb
Nemelex Xobeh
Okawaru
Qazlal
Ru
Sif Muna
Trog
Uskayaw
Vehumet
Wu Jian
Xom
Yredelemnul
Zin
The Shining One
Beogh

Shops:
D:2 [   D:5 *   D:6 !   D:8 :   D:13 ?   Orc:2 ![*(   Elf:1 (   Shoals:2 (
Snake:1 *:   Vaults:2 [   Vaults:5 [   Depths:1 :=:   Depths:2 ?

Portals:
Hell: Depths:1 Depths:2 Depths:3 Depths:4
Abyss: Depths:3
Pandemonium: Depths:2 Depths:3
Ziggurat: Depths:4

Annotations:
Lair:6 3 runed translucent doors, pkoi's ghost, journeyman DrCj
Zot:2 2 transporters, Cyqimiab's ghost, legendary MfGl
Zot:3 exclusion: 4 oklob plants


Innate Abilities, Weirdness & Mutations

Your mind is acute. (Int +2)
Your flesh is heat resistant. (rF+)
You have an increased reservoir of magic. (+10% MP)
You sometimes lose the ability to read scrolls when taking damage.


Message History

You kill the ufetubus!
The ufetubus disappears in a puff of smoke!
You hear a shout!
You slice the ufetubus!!
You kill the ufetubus!
The ufetubus disappears in a puff of smoke!
You slice the ynoxinul!!
The ynoxinul convulses!
You kill the ynoxinul!
Qazlal accepts your kill.
The ufetubus disappears in a puff of smoke! x3
There is an escape hatch in the ceiling here.
A mysterious force pulls you upwards. The hatch slams shut behind you.
There is a stone staircase leading up here.
You fly upwards.
There is a stone staircase leading down here.
Okay, then.
(D) Dungeon (T) Temple (L) Lair (A) Shoals (P) Snake Pit (M) Slime Pits (O) Orcish Mines (E) Elven Halls (V) Vaults (C) Crypt (W) Tomb (U) Depths (H) Hell (Z) Zot
Where to? (Enter - D:7, ? - help)
You see here a +0 hunting sling.
There is a stone staircase leading up here.
You fly upwards.
There is a stone staircase leading down here.
There is a stone staircase leading up here.
You fly upwards.
There is a stone staircase leading down here.
There is a stone staircase leading up here.
You fly upwards.
There is a stone staircase leading down here.
There is an open door here.
There is a staircase leading out of the dungeon here.
Unknown command.
Okay, then.
Okay, then.
Unknown command.
Search for what [? for help]? muta
Okay, then.
You have escaped!

#.....................####
##..########...##.......... ###
#.............######...###.
#.###.######.#.......# #...#...
#...............###..###.......
#..##..........................
##.##.##..###############..####
#....##.### ♣♣♣♣♣♣♣♣♣♣♣#..#
####[#....##♣@°........'..#
#.#.....#♣§○.♣♣♣♣♣P♣####
#.......#♣....P♣P♣.♣
#######......#♣.♣....P♣P♣
##....).......#♣.♣♣.⌠....♣#######
#..#........>.#♣.♣P....♣♣♣#....).
#.............#♣.♣♣P..♣♣ #######
#############.#♣.♣♣♣.♣♣
#.#♣.....♣


There were no monsters in sight!

Vanquished Creatures
  A pandemonium lord (Depths:4)
  3 dread liches
  6 ancient liches
  3 orbs of fire (Zot:5)
  Mennas (Crypt:2)
  6 Killer Klowns
  Vashnia (Snake:2)
  Margery (Vaults:2)
  Frederick (Vaults:2)
  2 curse toes (Zot:4)
  Xtahua (Vaults:2)
  Saint Roka (Crypt:1)
  3 caustic shrikes (Depths:4)
  Nikola (Lair:3)
  6 golden dragons
  A bone dragon (Crypt:3)
  A Tzitzimitl (Depths:4)
  2 Brimstone Fiends
  2 electric golems (Zot:5)
  Mlioglotl (Snake:2)
  21 tentacled monstrosities
  A Hell Sentinel (D:7)
  4 liches
  29 Orb Guardians
  4 deep elf blademasters
  Asterion (Snake:3)
  4 quicksilver dragons
  6 titans
  4 deep elf master archers (Elf:3)
  2 ancient champions (Crypt:2)
  Polyphemus (Shoals:2)
  A walking frostbound tome (Depths:3)
  A kraken (Shoals:2)
  A death cob (Zot:2)
  5 storm dragons
  5 tengu reavers
  8 sphinxes
  Kirke (Lair:4)
  Agnes (Snake:2)
  10 shadow dragons
  3 draconian monks
  18 fire giants
  19 frost giants
  4 nagarajas
  3 draconian knights
  4 revenants
  6 draconian shifters
  9 deep elf sorcerers
  4 orc warlords
  3 imperial myrmidons (Desolation)
  The ghost of Elinuc the Eclecticist, an adept DEWz of Sif Muna (Snake:3)
  A juggernaut zombie (Crypt:3)
  2 iron dragons
  4 draconian scorchers
  2 ghost moths
  A cacodemon (Zot:1)
  10 vault wardens
  Aizul (Elf:3)
  A balrug (Zot:5)
  The ghost of croobank the Unseen, an adept VSBr of Hepliaklqana (Snake:2)
  2 curse skulls
  4 draconian stormcallers
  6 ghouls
  7 war gargoyles
  A draconian annihilator (Zot:1)
  3 deep elf elementalists (Elf:3)
  A caustic shrike skeleton (Crypt:2)
  16 ironbound preservers
  6 vampire knights
  16 stone giants
  2 juggernaut skeletons
  4 ironbound thunderhulks
  A reaper (Zot:4)
  24 very ugly things
  The ghost of LustLizard the Carver, a journeyman MiBe of Trog (Lair:4)
  11 green draconians
  The ghost of Droegar the Severer, a journeyman MiBe of Trog (Lair:4)
  An entropy weaver (Vaults:2)
  A lorocyproca (Depths:4)
  8 deep elf annihilators
  9 deep elf demonologists
  5 black draconians
  4 yellow draconians
  6 white draconians
  8 red draconians
  10 dire elephants
  A halazid warlock (Desolation)
  Snorg (Orc:1)
  4 spark wasps
  11 ettins
  7 purple draconians
  3 minotaurs (Shoals:4)
  4 eidola
  5 deep elf death magi
  A merfolk impaler (Shoals:3)
  8 jiangshi
  7 crystal guardians
  11 yaktaur captains
  8 fire dragons
  2 deep elf high priests
  3 ragged hierophants
  A quicksilver dragon skeleton (Crypt:2)
  7 great orbs of eyes
  A spriggan zombie (Crypt:2)
  2 hell beasts
  3 merfolk javelineers
  5 rakshasas
  3 servants of whispers (Desolation)
  10 naga warriors
  7 ice dragons
  14 peacekeepers
  11 anacondas
  4 salamander tyrants
  7 hydras
  A fenstrider witch zombie (Crypt:3)
  3 death knights
  8 two-headed ogres
  3 alligator snapping turtles
  38 vault guards
  A catoblepas (Shoals:2)
  3 spriggan skeletons
  3 ironbound frosthearts
  10 satyrs (Shoals:4)
  4 merfolk avatars (Shoals:1)
  5 boulder beetles
  21 centaur warriors
  2 merfolk aquamancers
  An ogre mage (Vaults:4)
  21 dancing weapons
  4 spriggan air magi
  6 deep troll shamans
  2 death yaks
  11 naga sharpshooters
  12 tengu warriors
  8 vampire magi
  8 deep troll earth magi
  5 spriggan berserkers
  4 spriggans
  8 orc high priests
  5 soul eaters
  21 hell knights
  9 shock serpents
  Sonja (Lair:4)
  23 deep elf knights
  A sixfirhy (D:7)
  A titan skeleton (Crypt:1)
  4 sun demons (Zot:5)
  41 skeletal warriors
  Nergalle (Lair:1)
  2 bunyip zombies
  A death drake (shapeshifter) (D:14)
  7 iron trolls
  7 salamander mystics
  A storm dragon skeleton (Crypt:3)
  54 deep trolls
  6 flayed ghosts
  4 glowing orange brains
  7 naga ritualists
  2 orange crystal statues
  A bog body (Crypt:1)
  2 bunyip skeletons
  32 harpies
  7 sea snakes
  22 ironbound convokers
  A swamp dragon (Lair:6)
  13 necromancers
  7 wizards
  12 lindwurms
  14 orc knights
  10 phantasmal warriors
  28 deep elf pyromancers
  7 deep elf archers
  18 deep elf zephyrmancers
  9 mana vipers
  5 cyclopes
  36 ugly things
  3 orc sorcerers
  17 salamanders
  A salamander (shapeshifter) (Depths:2)
  A shadow dragon skeleton (Crypt:3)
  19 fauns
  3 guardian serpents
  17 moths of wrath
  9 oklob plants
  30 manticores
  43 black mambas
  8 fire giant skeletons (Crypt:3)
  A guardian serpent (shapeshifter) (Vaults:4)
  A rust devil (Zot:5)
  2 molten gargoyles
  17 vault sentinels
  8 elephants
  7 water nymphs
  12 naga magi
  10 merfolk sirens
  3 orange demons (Zot:1)
  6 torpor snails
  17 cane toads
  2 unseen horrors (Depths:4)
  6 gargoyles
  8 rime drakes
  A dire elephant skeleton (Crypt:1)
  13 komodo dragons
  4 efreet (Zot:4)
  A freezing wraith (Vaults:5)
  20 yaktaurs
  A pale draconian skeleton (Crypt:1)
  A tormentor (Depths:4)
  2 tengu conjurers
  A hellwing (Depths:4)
  2 guardian mummies (Crypt:3)
  10 trolls
  A queen bee (shapeshifter) (D:13)
  2 queen bees
  A wind drake (shapeshifter) (Elf:1)
  11 hornets
  9 meliai
  30 merfolk
  A polar bear (Lair:3)
  3 tyrant leeches (Lair:6)
  4 wind drakes
  35 blink frogs
  37 slime creatures
  A hornet (shapeshifter) (D:13)
  47 saltlings
  A harpy skeleton (Crypt:3)
  2 dream sheep (Shoals:4)
  A satyr zombie (Crypt:1)
  8 snapping turtles
  An air elemental (D:12)
  7 shadows
  4 flying skulls (Crypt:1)
  5 wyverns
  An ettin skeleton (Crypt:2)
  3 ynoxinuls
  44 yaks
  An alligator skeleton (Crypt:1)
  16 wraiths
  8 fire dragon skeletons (Crypt:3)
  An ushabti (Crypt:3)
  10 basilisks
  10 water elementals
  2 fire elementals (Elf:2)
  6 hogs (Lair:4)
  A neqoxec (Zot:4)
  7 vampire mosquitoes
  A redback (shapeshifter) (Vaults:4)
  3 wargs
  43 nagas
  2 acid dragons
  22 water moccasins
  A floating eye (shapeshifter) (Depths:4)
  3 floating eyes
  4 swamp drakes (Lair:6)
  A black bear (Lair:2)
  33 orc warriors
  2 ice beasts
  13 ogres
  A blink frog zombie (Crypt:2)
  10 boggarts
  4 necrophages
  7 wolves
  2 centaurs
  2 phantoms
  3 kobold brigands
  4 bullfrogs
  3 scorpions
  4 earth elementals
  A gnoll sergeant (D:13)
  3 water moccasin zombies (Ossuary)
  2 wyvern skeletons
  68 killer bees
  13 wights
  An electric eel (Elf:3)
  A troll skeleton (Crypt:1)
  A howler monkey (D:6)
  4 centaur zombies
  4 hounds
  2 centaur skeletons
  33 orc priests
  2 gnoll shamans
  A bullfrog skeleton (D:5)
  12 human skeletons (Vaults:2)
  Jessica (D:3)
  7 iguanas
  27 orc wizards
  3 scorpion zombies (D:5)
  8 hell rats
  A killer bee zombie (D:8)
  2 naga zombies
  11 mummies
  11 gnolls
  7 adders
  7 river rats
  A shadow imp (D:7)
  A steam dragon skeleton (Crypt:2)
  3 ufetubi
  6 adder zombies
  6 worms
  A barachi skeleton (Crypt:2)
  3 dart slugs
  76 orcs
  10 endoplasms
  A giant cockroach (D:2)
  7 gnoll zombies (Ossuary)
  5 goblins
  6 hobgoblins
  3 jackals (D:4)
  17 kobolds
  2 quokkas (D:1)
  9 ball pythons
  3 bats
  2 frilled lizards (D:1)
  A giant cockroach zombie (Crypt:1)
  3 hobgoblin zombies (Ossuary)
  A jackal skeleton (Crypt:1)
  6 kobold zombies (Ossuary)
  7 orc zombies (Ossuary)
  19 rats
  7 bushes
  A butterfly (Lair:1)
  2 tentacles (Shoals:2)
2412 creatures vanquished.

Vanquished Creatures (collateral kills)
  A nagaraja (Snake:4)
  A deep elf annihilator (Elf:3)
  A naga sharpshooter (Snake:4)
3 creatures vanquished.

Vanquished Creatures (others)
  2 fire giants
  A frost giant (Depths:3)
  A draconian knight (Zot:1)
  A draconian shifter (Zot:4)
  A stone giant (Vaults:5)
  A deep elf knight (Elf:2)
  A wizard (Depths:2)
  A necromancer (Depths:2)
  A dream sheep (Shoals:4)
  A water elemental (D:12)
  A fire elemental (D:12)
  An orc warrior (Crypt:2)
  An orc (Crypt:2)
  A bush (Zot:3)
  31 fungi
  106 plants
  6 tentacles (Shoals:2)
  13 withered plants
171 creatures vanquished.

Grand Total: 2586 creatures vanquished

Notes
Turn   | Place    | Note
-------+----------+-------------------------------------------
     0 | D:1      | Minsecho the Hill Orc Monk began the quest for the Orb.
     0 | D:1      | Reached XP level 1. HP: 19/19 MP: 1/1
   274 | D:1      | Reached XP level 2. HP: 23/27 MP: 2/2
   684 | D:2      | Found Daghum's Armour Shop.
   703 | D:2      | Reached XP level 3. HP: 24/33 MP: 3/3
  1326 | D:2      | Reached skill level 5 in Axes
  1326 | D:2      | Reached XP level 4. HP: 15/41 MP: 4/4
  2079 | D:3      | Reached XP level 5. HP: 47/47 MP: 5/5
  2131 | D:3      | Found a glowing drain.
  2138 | Sewer    | Entered a sewer
  2371 | Sewer    | Reached skill level 5 in Fighting
  2832 | D:3      | Noticed Jessica
  2852 | D:3      | Killed Jessica
  2853 | D:3      | Reached XP level 6. HP: 24/56 MP: 6/6
  4195 | D:5      | Entered Level 5 of the Dungeon
  4215 | D:5      | Reached XP level 7. HP: 31/61 MP: 7/7
  5122 | D:5      | Found a radiant altar of Vehumet.
  5124 | D:5      | Found Kaufrad's General Store.
  5155 | D:5      | Reached skill level 10 in Axes
  5155 | D:5      | Reached skill level 5 in Dodging
  5155 | D:5      | Reached skill level 5 in Invocations
  5155 | D:5      | Reached XP level 8. HP: 74/74 MP: 7/12
  5465 | D:5      | Reached XP level 9. HP: 77/81 MP: 13/13
  6055 | D:6      | Found a staircase to the Ecumenical Temple.
  6084 | Temple   | Entered the Ecumenical Temple
  6279 | Temple   | Became a worshipper of Qazlal Stormbringer
  6279 | Temple   | Reached * piety under Qazlal
  6279 | Temple   | Reached ** piety under Qazlal
  6356 | D:6      | Found a glowing silver altar of Zin.
  7256 | D:6      | Found Xocojej's Distillery.
  7333 | D:6      | Bought a potion of haste for 140 gold pieces
  7333 | D:6      | Bought a potion of curing for 42 gold pieces
  7590 | D:6      | Found a hide-covered altar of Uskayaw.
  7739 | D:7      | Found a sand-covered staircase.
  7751 | Ossuary  | Entered an ossuary
  7933 | Ossuary  | Reached *** piety under Qazlal
  8027 | D:7      | Gained mutation: You sometimes lose the ability to read
                  | scrolls when taking damage. [potion of mutation]
  8027 | D:7      | Gained mutation: You are agile. (Dex +2) [potion of
                  | mutation]
  8027 | D:7      | Gained mutation: You have supernaturally acute eyesight.
                  | (SInv) [potion of mutation]
  8028 | D:7      | Lost mutation: You sometimes lose the ability to read
                  | scrolls when taking damage. [potion of mutation]
  8028 | D:7      | Lost mutation: You are agile. (Dex +2) [potion of mutation]
  8028 | D:7      | Lost mutation: You have supernaturally acute eyesight.
                  | (SInv) [potion of mutation]
  8028 | D:7      | Gained mutation: You are somewhat resistant to further
                  | mutation. [potion of mutation]
  8149 | D:7      | Found a shadowy altar of Dithmenos.
  8253 | D:7      | Learned a level 1 spell: Magic Dart
  8267 | D:7      | Learned a level 2 spell: Ensorcelled Hibernation
  8514 | D:7      | Reached skill level 1 in Shields
  8514 | D:7      | Reached XP level 10. HP: 84/90 MP: 14/14
  8563 | D:7      | Found a runed translucent door.
  8564 | D:7      | Found a burning altar of Makhleb.
  8564 | D:7      | Noticed a sixfirhy
  8842 | D:8      | Found Ogeviugi's Self-Improvement Boutique.
  9103 | D:8      | Noticed a cyclops
  9799 | D:8      | Reached skill level 5 in Armour
  9953 | D:8      | Found a shimmering blue altar of Sif Muna.
 10021 | D:8      | Found a staircase to the Lair.
 10120 | D:8      | Found an opulent altar of Gozag.
 10362 | D:8      | Killed a cyclops
 10511 | D:8      | Found an iron altar of Okawaru.
 10988 | D:9      | Reached **** piety under Qazlal
 11121 | D:9      | Learned a level 2 spell: Wereblood
 11584 | D:10     | Entered Level 10 of the Dungeon
 11701 | D:10     | Reached XP level 11. HP: 79/99 MP: 15/15
 11814 | D:10     | Found a white marble altar of Elyvilon.
 11892 | D:10     | Found a broken altar of Ashenzari.
 12220 | D:11     | Noticed a two-headed ogre
 12234 | D:11     | Reached skill level 10 in Fighting
 12234 | D:11     | Killed a two-headed ogre
 12391 | D:11     | Noticed a cyan ugly thing
 12412 | D:11     | Killed a cyan ugly thing
 12530 | D:11     | Found a staircase to the Orcish Mines.
 12551 | D:11     | Learned a level 3 spell: Confusing Touch
 12581 | D:11     | Noticed a cyclops
 12601 | D:11     | Killed a cyclops
 12981 | D:12     | Noticed a cyan ugly thing
 13001 | D:12     | Killed a cyan ugly thing
 13120 | D:12     | Noticed a deep elf pyromancer
 13144 | D:12     | Killed a deep elf pyromancer
 13145 | D:12     | Reached skill level 15 in Axes
 13305 | D:12     | Reached XP level 12. HP: 102/110 MP: 17/17
 13322 | D:12     | Reached ***** piety under Qazlal
 13877 | D:12     | Found a large runed translucent door.
 13878 | D:12     | Found a large runed translucent door.
 13883 | D:12     | Identified the +1 scale mail of Zutayg {rC++ Int-3}
 14142 | D:12     | Paralysed by an air elemental for 1 turns
 14148 | D:12     | Paralysed by an air elemental for 1 turns
 14231 | D:13     | Found Jikkurchuet's Magic Scroll Shop.
 14234 | D:13     | Bought a scroll of identify for 34 gold pieces
 14470 | D:7      | Paralysed by a hornet for 2 turns
 14677 | D:13     | You fall into a shaft and drop 2 floors!
 14677 | D:15     | Entered Level 15 of the Dungeon
 14687 | D:15     | Noticed a centaur warrior
 14692 | D:15     | Noticed an eight-headed hydra
 14705 | D:15     | Killed a centaur warrior
 14720 | D:15     | Noticed a seven-headed hydra
 14875 | D:15     | Found an ornate altar of the Wu Jian Council.
 14899 | D:15     | Noticed a boulder beetle
 14923 | D:15     | Killed a boulder beetle
 14935 | D:15     | Killed an eight-headed hydra
 15085 | D:14     | Noticed a five-headed hydra
 15112 | D:14     | Reached skill level 5 in Spellcasting
 15271 | D:13     | HP: 1/113 [meliai/divine providence (15)]
 15549 | D:13     | Reached XP level 13. HP: 102/122 MP: 13/20
 16365 | Lair:1   | Entered Level 1 of the Lair of Beasts
 16859 | Lair:1   | Noticed Nergalle
 16868 | Lair:1   | Killed Nergalle
 17226 | Lair:1   | Identified 2 scrolls of acquirement
 17227 | Lair:1   | Acquired the +13 crystal plate armour of the Gloaming {rC+
                  | Slay+2}
 17231 | Lair:1   | Acquired the +9 broad axe of Intimidation {holy, rF+ Str+3}
 18147 | Lair:3   | Reached XP level 14. HP: 132/132 MP: 23/23
 18160 | Lair:3   | Found a staircase to the Shoals.
 19177 | Lair:4   | Reached skill level 5 in Shields
 19264 | Lair:4   | Noticed Kirke
 19282 | Lair:4   | Killed Kirke
 19448 | Lair:4   | Noticed Sonja
 19481 | Lair:4   | Killed Sonja
 19626 | Lair:4   | Reached skill level 10 in Invocations
 19666 | Lair:4   | Found a runed translucent gate.
 19695 | Lair:4   | Found a runed translucent gate.
 19695 | Lair:4   | Found a runed translucent gate.
 19697 | Lair:4   | Noticed Droegar's ghost (journeyman MiBe)
 19700 | Lair:4   | Noticed LustLizard's ghost (journeyman MiBe)
 19710 | Lair:4   | Found a staircase to the Snake Pit.
 20142 | Lair:4   | Killed LustLizard's ghost
 20150 | Lair:4   | Killed Droegar's ghost
 20951 | Lair:6   | Entered Level 6 of the Lair of Beasts
 20981 | Lair:6   | Reached XP level 15. HP: 113/139 MP: 24/24
 21005 | Lair:6   | Reached skill level 15 in Fighting
 21317 | Lair:6   | Found a runed translucent gate.
 21322 | Lair:6   | Found a runed translucent gate.
 21400 | Lair:6   | Found a runed translucent gate.
 21444 | Lair:6   | Found a staircase to the Slime Pits.
 21499 | Lair:6   | Noticed pkoi's ghost (journeyman DrCj)
 21946 | Lair:6   | Found a runed translucent door.
 22099 | Lair:6   | Reached skill level 10 in Armour
 22676 | Orc:1    | Entered Level 1 of the Orcish Mines
 22880 | Orc:1    | Noticed Snorg
 22898 | Orc:1    | Killed Snorg
 22898 | Orc:1    | Reached ****** piety under Qazlal
 23043 | Orc:2    | Entered Level 2 of the Orcish Mines
 23196 | Orc:2    | Found a roughly hewn altar of Beogh.
 23492 | Orc:2    | Found a staircase to the Elven Halls.
 23700 | Orc:2    | Found Lugotobb's Antique Weapon Emporium.
 23700 | Orc:2    | Found Qastriraxi's General Store.
 23701 | Orc:2    | Found Futy Xeqenn's Distillery.
 23705 | Orc:2    | Found Kutuemn's Antique Armour Shoppe.
 23709 | Orc:2    | Bought a scroll of enchant weapon for 75 gold pieces
 23709 | Orc:2    | Bought a scroll of identify for 20 gold pieces
 23712 | Orc:2    | Bought 2 potions of heal wounds for 140 gold pieces
 23715 | Orc:2    | Bought a potion of curing for 42 gold pieces
 23715 | Orc:2    | Bought 2 potions of resistance for 280 gold pieces
 23715 | Orc:2    | Bought a potion of curing for 42 gold pieces
 23715 | Orc:2    | Bought a potion of haste for 140 gold pieces
 23715 | Orc:2    | Bought a potion of curing for 42 gold pieces
 23717 | Orc:2    | Bought a wand of mindburst (7) for 110 gold pieces
 23723 | Orc:2    | Bought a pair of runed boots for 277 gold pieces
 24283 | D:14     | Reached XP level 16. HP: 138/151 MP: 25/25
 24313 | D:14     | Found a gate to the Vaults.
 24565 | D:14     | Identified the +2 cloak of Plog {-Tele rC+ Str+2 Dex+2}
 25579 | D:15     | Found a staircase to the Depths.
 25926 | Shoals:1 | Entered Level 1 of the Shoals
 25926 | Shoals:1 | Noticed Nikola
 25947 | Lair:3   | Killed Nikola
 26498 | Shoals:1 | Reached skill level 10 in Shields
 26534 | Shoals:1 | Acquired the +0 buckler of the Assorted Curses {rPois rC+}
 27060 | Shoals:2 | Noticed a kraken
 27073 | Shoals:2 | Killed a kraken
 27267 | Shoals:2 | Reached XP level 17. HP: 155/161 MP: 25/27
 27269 | Shoals:2 | Acquired a manual of Armour
 27657 | Shoals:2 | Found Ganiz's Antique Weapon Shop.
 27929 | Shoals:3 | Noticed Polyphemus
 28019 | Shoals:2 | Killed Polyphemus
 28889 | Shoals:4 | Entered Level 4 of the Shoals
 29529 | Shoals:4 | Noticed a sphinx
 29622 | Shoals:3 | Killed a sphinx
 29786 | Shoals:4 | Reached XP level 18. HP: 171/171 MP: 28/28
 30069 | Shoals:4 | Identified the +7 quarterstaff of Glory {flame, Str+4}
 30096 | Shoals:4 | Got a barnacled rune of Zot
 30457 | Snake:1  | Entered Level 1 of the Snake Pit
 30477 | Lair:4   | Reached skill level 15 in Armour
 30551 | Snake:1  | Reached skill level 15 in Invocations
 30661 | Snake:1  | Found Utiriffupp's Book Shop.
 30661 | Snake:1  | Found Unaukhui's Assorted Antiques.
 30686 | Snake:1  | Bought a potion of heal wounds for 140 gold pieces
 30694 | Snake:1  | Bought a silvery potion for 25 gold pieces
 31625 | Snake:2  | Noticed Vashnia
 31763 | Snake:2  | Killed Vashnia
 32068 | Snake:2  | Noticed Mlioglotl
 32083 | Snake:2  | Killed Mlioglotl
 32146 | Snake:2  | Noticed Agnes
 32153 | Snake:2  | Killed Agnes
 32166 | Snake:2  | Found a runed translucent door.
 32167 | Snake:2  | Noticed croobank's ghost (adept VSBr)
 32180 | Snake:2  | Killed croobank's ghost
 32723 | Snake:3  | Found a runed translucent gate.
 32738 | Snake:3  | Found a runed translucent gate.
 32738 | Snake:3  | Found a runed translucent gate.
 32738 | Snake:3  | Noticed Elinuc's ghost (adept DEWz)
 32882 | Snake:3  | Found a glowing golden altar of the Shining One.
 33054 | Snake:3  | Noticed Asterion
 33076 | Snake:3  | Killed Asterion
 33404 | Snake:4  | Entered Level 4 of the Snake Pit
 33673 | Snake:4  | Reached XP level 19. HP: 169/181 MP: 30/30
 34252 | Snake:4  | Got a serpentine rune of Zot
 34646 | Snake:3  | Killed Elinuc's ghost
 34665 | Snake:3  | Identified the +1 chain mail of Fast {Harm +Blink Int-4
                  | Stlth+}
 34687 | Snake:3  | Lost mutation: You are somewhat resistant to further
                  | mutation. [potion of mutation]
 34687 | Snake:3  | Gained mutation: You tend to lose your temper in combat.
                  | [potion of mutation]
 34688 | Snake:3  | Lost mutation: You tend to lose your temper in combat.
                  | [potion of mutation]
 34688 | Snake:3  | Gained mutation: You possess an exceptional clarity of
                  | mind. [potion of mutation]
 34688 | Snake:3  | Gained mutation: You are agile. (Dex +2) [potion of
                  | mutation]
 34688 | Snake:3  | Gained mutation: You are dopey. (Int -2) [potion of
                  | mutation]
 35252 | Elf:1    | Entered Level 1 of the Elven Halls
 35486 | Elf:1    | Found a crumbling gateway.
 35503 | Desolati | Entered the Desolation of Salt
 35841 | Desolati | Found the +2 shield of Resistance {rF++ rC++ Will++}
 35996 | Desolati | Reached XP level 20. HP: 185/186 MP: 32/32
 36029 | Desolati | Identified the +0 robe of Precision Catastrophes {rPois
                  | rC++ rN+ Int+2}
 36031 | Desolati | Identified the ring of Vuppo {rN++ rCorr Str-2 Int-2 Dex+8}
 36033 | Desolati | Identified the +4 battleaxe of Instant Death {vorpal,
                  | Int+3}
 36339 | Desolati | Got Sosom's Papyrus of the Mountains and Orientation
 36348 | Desolati | Identified the +6 falchion of the Curious Xeniums {flame,
                  | Stlth+}
 36622 | Elf:1    | Found Lutinulo's Antique Weapon Emporium.
 37198 | Elf:2    | Identified the +0 robe of the Trilobite {Str+3 Int+5 Dex-5}
 37405 | Elf:2    | Reached skill level 15 in Shields
 37428 | Elf:2    | Found a runed translucent gate.
 37429 | Elf:2    | Found a runed translucent gate.
 37429 | Elf:2    | Found a runed translucent gate.
 38053 | Elf:3    | Entered Level 3 of the Elven Halls
 38848 | Elf:3    | Noticed Aizul
 38875 | Elf:3    | Killed Aizul
 39233 | Elf:3    | Identified the +5 mace of Forgiveness {vorpal, Will+ Int+4}
 39238 | Elf:3    | Reached XP level 21. HP: 202/202 MP: 34/34
 39239 | Elf:3    | Identified the amulet of Accord {Faith Rampage Regen+ MP+9
                  | Int-3}
 39255 | Elf:3    | Identified the +7 hunting sling "Libbegen" {venom, rCorr
                  | SInv}
 39261 | Elf:3    | Identified the amulet of Moral Flaws {Acrobat rPois rN+++
                  | Dex-5 Stlth-}
 39263 | Elf:3    | Identified the +4 leather armour of Qocot {rElec rPois rC++
                  | Int-2}
 39282 | Elf:3    | Got the Handbook of the Warped Entourage
 39285 | Elf:3    | Got the Catalogue of Icy Summoning
 39287 | Elf:3    | Got the Tome of Flight and Transmutation
 39306 | Elf:3    | Identified the +2 leather armour of the Grey Skies {rC- rN+
                  | Int+7}
 39375 | Elf:3    | Identified the +7 whip of Gavoc {elec, Int+4}
 39402 | Elf:3    | Identified the amulet "Zin Melacw" {Acrobat rPois rC-
                  | Will++}
 39468 | Elf:3    | Identified the +3 arbalest of Mucirec {freeze, Fragile
                  | rCorr Str+3}
 40163 | Vaults:1 | Entered Level 1 of the Vaults
 40368 | Vaults:1 | You are sucked into a shaft and drop 1 floor!
 42747 | Orc:2    | Bought glowing gold dragon scales for 3071 gold pieces
 42908 | Vaults:2 | Noticed Xtahua
 42928 | Vaults:2 | Killed Xtahua
 42929 | Vaults:2 | Reached XP level 22. HP: 206/213 MP: 35/35
 43046 | Vaults:2 | Noticed Frederick
 43049 | Vaults:2 | Noticed Margery
 43056 | Vaults:2 | Killed Frederick
 43068 | Vaults:2 | Killed Margery
 43299 | Vaults:2 | Found a staircase to the Crypt.
 43686 | Vaults:2 | Found Doras's Antique Armour Shoppe.
 44272 | Vaults:3 | Found a roughly hewn altar of Beogh.
 46104 | Vaults:4 | Reached XP level 23. HP: 224/224 MP: 37/37
 46579 | Vaults:5 | Entered Level 5 of the Vaults
 46596 | Vaults:5 | Noticed a golden dragon
 46773 | Vaults:5 | Noticed an ancient lich
 46785 | Vaults:4 | Killed a golden dragon
 46907 | Vaults:4 | Killed an ancient lich
 46934 | Vaults:5 | Identified the ring "Iploma" {Fly rPois Str+8}
 47254 | Vaults:5 | Identified the +0 leather armour of the Nightingale {rPois
                  | rC+ Dex-5}
 47414 | Vaults:5 | Got a silver rune of Zot
 47470 | Vaults:5 | Noticed an ancient lich
 47479 | Vaults:5 | Killed an ancient lich
 47484 | Vaults:5 | Identified the ring "Koxtorchu" {Wiz Slay+2}
 47609 | Vaults:5 | Got Vookhlae's Reference Book on Enchanting Calling
 47816 | Vaults:5 | Identified the -4 cloak of the Vaults {rElec Will+++ Int-2
                  | Stlth-}
 47956 | Vaults:5 | Found Igaeteif's Armour Shoppe.
 47956 | Vaults:5 | Identified the -4 pair of gloves of Action {rC+ rN+ Str+3}
 48011 | Vaults:5 | Got the Grimoire of the Igneous Mountains
 48013 | Vaults:5 | Identified the +6 quarterstaff of Doors {vorpal, Int+6}
 48085 | Vaults:5 | Identified the +7 glaive "Etagiw" {vorpal, *Noise rElec
                  | rPois Will+}
 48796 | Depths:1 | Entered Level 1 of the Depths
 48799 | Depths:1 | Found a gateway to Hell.
 48854 | Depths:1 | Identified the +1 plate armour of the Ant {rC+}
 49037 | Depths:1 | Found Bidibuus's Book Emporium.
 49038 | Depths:1 | Found Xitus's Jewellery Boutique.
 49039 | Depths:1 | Found Fipa Kaj's Book Emporium.
 49840 | Depths:1 | Reached XP level 24. HP: 131/235 MP: 34/37
 50097 | Depths:2 | Found Ucasez's Magic Scroll Shoppe.
 50103 | Depths:2 | Found a one-way gate leading to the halls of Pandemonium.
 50141 | Depths:2 | Bought a scroll of holy word for 135 gold pieces
 50141 | Depths:2 | Bought a scroll of holy word for 135 gold pieces
 50441 | Depths:2 | Paralysed by a floating eye for 2 turns
 50961 | Depths:3 | Reached skill level 27 in Axes
 51127 | Depths:3 | Found the +8 Wrath of Trog {antimagic, *Rage Rampage}
 51596 | Depths:3 | Found a one-way gate to the infinite horrors of the Abyss.
 51915 | Depths:4 | Entered Level 4 of the Depths
 51915 | Depths:4 | Found a one-way gateway to a ziggurat.
 52134 | Depths:4 | Reached XP level 25. HP: 211/247 MP: 33/37
 52987 | Depths:4 | Found a gate to the Realm of Zot.
 53082 | Depths:4 | Found a glowing silver altar of Zin.
 53480 | Crypt:1  | Entered Level 1 of the Crypt
 54486 | Crypt:2  | Noticed Saint Roka
 54508 | Crypt:1  | Killed Saint Roka
 55148 | Crypt:2  | Noticed Mennas
 55201 | Crypt:2  | Killed Mennas
 55382 | Crypt:3  | Entered Level 3 of the Crypt
 55520 | Crypt:3  | Identified the +9 glaive of the Old World {protect, Drain
                  | Fly rElec rN+}
 55950 | Crypt:3  | Reached XP level 26. HP: 261/261 MP: 37/37
 56162 | Crypt:3  | Noticed a dread lich
 56163 | Crypt:3  | Found an ancient bone altar of Kikubaaqudgha.
 56172 | Crypt:3  | Killed a dread lich
 56262 | Crypt:3  | Identified the +6 giant club of the Destroying Bear
                  | {freeze, *Corrode Str+6}
 56274 | Crypt:3  | Noticed a dread lich
 56278 | Crypt:3  | Killed a dread lich
 56404 | Crypt:3  | Noticed an ancient lich
 56413 | Crypt:3  | Killed an ancient lich
 56613 | Crypt:3  | Found a staircase to the Tomb.
 56948 | Crypt:3  | Found the +7 great mace "Undeadhunter" {disrupt, rN+}
 56954 | Crypt:3  | Identified the ring "Ufacw" {*Corrode rElec rF+ rN+ Slay+3}
 56954 | Crypt:3  | Identified the amulet of Kethaan {Rampage Will- Regen+
                  | Int+4 Dex+4}
 56954 | Crypt:3  | Identified the ring "Hyesiahi" {rPois rC- rN+ Will+ Str+3}
 57708 | Zot:1    | Entered Level 1 of the Realm of Zot
 59020 | Zot:2    | Found a transporter.
 59023 | Zot:2    | Noticed Cyqimiab's ghost (legendary MfGl)
 59026 | Zot:2    | Noticed a shard shrike
 59026 | Zot:2    | Noticed a shard shrike
 59071 | Zot:2    | Found a transporter.
 59072 | Zot:2    | Noticed a Killer Klown
 59093 | Zot:2    | Killed a Killer Klown
 59696 | Zot:3    | Reached skill level 27 in Fighting
 60756 | Zot:4    | Reached XP level 27. HP: 212/273 MP: 16/37
 61378 | Zot:4    | Identified the +11 whip "Haclau Aggow" {vorpal, rF+++ rCorr
                  | Str-5 Dex+5}
 61711 | Zot:4    | Acquired 930 gold pieces
 61991 | Zot:5    | Entered Level 5 of the Realm of Zot
 62450 | Zot:5    | Noticed a dread lich
 62457 | Zot:5    | Killed a dread lich
 62521 | Zot:5    | Reached skill level 27 in Shields
 62521 | Zot:5    | Noticed an orb of fire
 62523 | Zot:5    | Gained mutation: You sometimes lose the ability to read
                  | scrolls when taking damage. [an orb of fire]
 62524 | Zot:5    | Noticed an orb of fire
 62542 | Zot:5    | Noticed an ancient lich
 62548 | Zot:5    | Killed an orb of fire
 62550 | Zot:5    | Killed an orb of fire
 62560 | Zot:5    | Killed an ancient lich
 62666 | Zot:5    | Lost mutation: You possess an exceptional clarity of mind.
                  | [potion of mutation]
 62666 | Zot:5    | Lost mutation: You are agile. (Dex +2) [potion of mutation]
 62666 | Zot:5    | Gained mutation: Your spells are a little easier to cast,
                  | but a little less powerful. [potion of mutation]
 62666 | Zot:5    | Lost mutation: You are dopey. (Int -2) [potion of mutation]
 62666 | Zot:5    | Gained mutation: You are somewhat resistant to further
                  | mutation. [potion of mutation]
 62667 | Zot:5    | Lost mutation: You are somewhat resistant to further
                  | mutation. [potion of mutation]
 62667 | Zot:5    | Lost mutation: Your spells are a little easier to cast, but
                  | a little less powerful. [potion of mutation]
 62667 | Zot:5    | Gained mutation: You are strong-willed. (Will+) [potion of
                  | mutation]
 62667 | Zot:5    | Gained mutation: You are clumsy. (Dex -2) [potion of
                  | mutation]
 62668 | Zot:5    | Lost mutation: You are clumsy. (Dex -2) [potion of
                  | mutation]
 62668 | Zot:5    | Lost mutation: You are strong-willed. (Will+) [potion of
                  | mutation]
 62668 | Zot:5    | Lost mutation: You sometimes lose the ability to read
                  | scrolls when taking damage. [potion of mutation]
 62668 | Zot:5    | Gained mutation: You are clumsy. (Dex -2) [potion of
                  | mutation]
 62668 | Zot:5    | Gained mutation: You have supernaturally acute eyesight.
                  | (SInv) [potion of mutation]
 62668 | Zot:5    | Gained mutation: Your muscles are strong. (Str +2) [potion
                  | of mutation]
 62668 | Zot:5    | Gained mutation: Your system is resistant to poisons.
                  | (rPois) [potion of mutation]
 62725 | Zot:5    | Noticed an orb of fire
 62740 | Zot:5    | Noticed an ancient lich
 62749 | Zot:5    | Gained mutation: Your body sometimes deteriorates upon
                  | taking damage. [an orb of fire]
 62752 | Zot:5    | Killed an orb of fire
 62757 | Zot:5    | Killed an ancient lich
 62757 | Zot:5    | Gained mutation: You are frail. (-10% HP) [mutagenic glow]
 62759 | Zot:5    | Noticed an ancient lich
 62771 | Zot:5    | Killed an ancient lich
 62771 | Zot:5    | Gained mutation: You sometimes lose the ability to read
                  | scrolls when taking damage. [mutagenic glow]
 62780 | Zot:5    | Gained mutation: Your spells are a little easier to cast,
                  | but a little less powerful. [mutagenic glow]
 62809 | Zot:5    | Got the Orb of Zot
 63008 | Zot:5    | Noticed Asheinuk the pandemonium lord
 63020 | Zot:4    | Lost mutation: You have supernaturally acute eyesight.
                  | (SInv) [potion of mutation]
 63020 | Zot:4    | Lost mutation: You are clumsy. (Dex -2) [potion of
                  | mutation]
 63020 | Zot:4    | Lost mutation: Your spells are a little easier to cast, but
                  | a little less powerful. [potion of mutation]
 63020 | Zot:4    | Lost mutation: Your muscles are strong. (Str +2) [potion of
                  | mutation]
 63020 | Zot:4    | Gained mutation: You have an increased reservoir of magic.
                  | (+10% MP) [potion of mutation]
 63021 | Zot:4    | Lost mutation: Your body sometimes deteriorates upon taking
                  | damage. [potion of mutation]
 63021 | Zot:4    | Lost mutation: Your system is resistant to poisons. (rPois)
                  | [potion of mutation]
 63021 | Zot:4    | Gained mutation: You are clumsy. (Dex -2) [potion of
                  | mutation]
 63022 | Zot:4    | Lost mutation: You are clumsy. (Dex -2) [potion of
                  | mutation]
 63022 | Zot:4    | Lost mutation: You are frail. (-10% HP) [potion of
                  | mutation]
 63022 | Zot:4    | Gained mutation: Your mind is acute. (Int +2) [potion of
                  | mutation]
 63022 | Zot:4    | Gained mutation: Your flesh is heat resistant. (rF+)
                  | [potion of mutation]
 63204 | Depths:4 | Noticed Necyoh the pandemonium lord
 63215 | Depths:4 | Killed Necyoh the pandemonium lord
 63429 | D:15     | Noticed a seraph
 64261 | D:$      | Escaped with the Orb!

Illustrated notes

Levels and vault maps discovered:
D:1:      psy_arrival_fountain, layout_rooms
D:2:      minmay_door_path, layout_basic, serial_shops,
          nicolae_shop_behind_doors
D:3:      layout_rooms, lightli_sewer_entry_pipes, uniq_jessica
D:4:      layout_loops_ring
D:5:      layout_cave_pods, vehumet_crystals, serial_shops, shop,
          kennysheep_windowed_goal
D:6:      kennysheep_six_static_rooms, layout_basic,
          nicolae_uskayaw_dance_studio, zin_academy, temple_green, serial_shops,
          nicolae_lakefront_shop, grunt_ministairs_13, minmay_crystal_room
D:7:      layout_loops_ring, grunt_dithmenos_shadows, nzn_makhleb_speed_demon,
          nicolae_ossuary_entry_monument
D:8:      layout_basic, grunt_gozag_breadcrumbs, mainiacjoe_overflow_chevrons,
          lemuel_tele_altar, lair_entry_dummy, interstate_on_off,
          nicolae_shop_self_help
D:9:      layout_irregular_city, minivault_5
D:10:     layout_rooms, amcnicky_altar_gilded, ashenzari_altar_1
D:11:     layout_basic, erik_orc_4
D:12:     layout_loops_ring, minmay_hedge_maze, minmay_misc_feat_iff,
          lightli_elemental_guards
D:13:     layout_basic, special_room [special_room_bee], kennysheep_diamond,
          nicolae_stop_n_shop_2, minmay_fractal_squares_gapless_5
D:14:     layout_basic, lightli_vaults_fourway_checkpoint,
          minmay_splitting_lines, minmay_mirror_moons_of_madness
D:15:     grunt_enter_depths_snipers, layout_basic, serial_co_window_serial,
          co_window_of_opportunity_a, co_window_of_opportunity_a,
          co_window_paths_a, co_window_corner_a, co_window_paths_a,
          co_window_2corner, co_window_cross_3, co_window_paths_c,
          co_window_broadway_c, co_window_broadway_c, co_window_unsneaky_path_d,
          co_window_unsneaky_path_e, glass_columns_c,
          pdpol_wu_jian_five_deadly_venoms
Temple:   nicolae_temple_hex_pool
Lair:1:   layout_cave_pods, grunt_megastairs_3, lemuel_fruit_fields,
          uniq_nergalle
Lair:2:   layout_gridlike, infiniplex_staircase_pool_2
Lair:3:   wander_river, layout_hall_layers, elwin_shoals_entry_rocks
Lair:4:   hangedman_what_comes_after_a, layout_regular_city, dummy_snake_entry,
          gammafunk_ghost_cemetery, serial_forest, infiniplex_forest_corner_2,
          infiniplex_forest_lined_room_3, infiniplex_forest_join,
          infiniplex_forest_clump_small, infiniplex_forest_clump_diagonal,
          infiniplex_forest_straight_3, infiniplex_forest_end_1,
          infiniplex_forest_clump_diagonal, uniq_sonja, uniq_kirke
Lair:5:   layout_long_grid
Lair:6:   guppyfry_lair_end_dragon, layout_loops_ring, wormcave,
          dpeg_slime_entry_corner, maelrawn_ghost_gauntlet_escape,
          kennysheep_abandoned_house
Shoals:1: layout_shoals, nicolae_shoals_siren_and_animal_friends, uniq_nikola
Shoals:2: layout_shoals, serial_shops, shop, nicolae_shoals_isolated_beach
Shoals:3: layout_shoals, uniq_polyphemus
Shoals:4: shoals_end_hellmonk_lost_city
Snake:1:  layout_cave_shapes, corexii_hall_statues_l, minmay_shoptagon
Snake:2:  layout_onion_interference, gammafunk_ghost_grave, uniq_mlioglotl,
          uniq_agnes, uniq_vashnia
Snake:3:  layout_misc_corridors, gammafunk_ghost_split, basic_altar,
          nicolae_snake_gridmaze_entwining, uniq_asterion
Snake:4:  minmay_snake_end_coiled, layout_onion_interference,
          grunt_ministairs_4, nicolae_fountain_basement
Orc:1:    layout_caves, uniq_snorg
Orc:2:    st_orc_mages, layout_caves, special_room, basic_altar
Elf:1:    eino_elf_arrival_customs, layout_geoelf_diagonals,
          portal_desolation_entry_salt, serial_shops, shop_fountains,
          hangedman_elf_represent
Elf:2:    nicolae_elf_blades_crystal_corner, layout_geoelf_octagon,
          lemuel_elevator
Elf:3:    minmay_elf_hall_furrowed, layout_geoelf_castle, uniq_aizul
Vaults:1: grunt_vaults_swirl, v_rooms_5, nicolae_vaults_stairing_the_circle,
          ontoclasm_vaults_decontamination, nicolae_vaults_shelves_hall,
          layout_vaults_omnigrid
Vaults:2: v_misc_17, hangedman_vaults_impose, minmay_crypt_entry_simple_walls,
          dpeg_vaults_monster_doublerow, v_pattern_2,
          nicolae_vaults_little_squares_6, dpeg_vaults_monster_row, v_misc_10,
          nicolae_vaults_three_branches, nicolae_vaults_asterisk,
          layout_vaults_big_room, serial_shops, shop_statue, uniq_xtahua,
          uniq_frederick, uniq_margery
Vaults:3: ontoclasm_vaults_claustrophobia, hangedman_vaults_cutoff,
          nicolae_vaults_shelves_hall, nicolae_vaults_network_quinsquares
          [nicolae_vaults_network_quincunx_subvault,
          nicolae_vaults_network_quincunx_subvault,
          nicolae_vaults_network_quincunx_subvault,
          nicolae_vaults_network_quincunx_subvault], special_room_vaults
          [special_room_orc], ontoclasm_vaults_ring_small,
          nicolae_vaults_diagonal_hallway_6, hangedman_vaults_maws,
          nicolae_vaults_little_squares_6, vaults_dpeg_encased_lava,
          layout_vaults_omnicross
Vaults:4: v_misc_13, ontoclasm_vaults_loading_screen, hangedman_vaults_capsules,
          v_misc_18, grunt_vaults_hallway_short, v_rooms_4,
          vaults_mumra_minichess, vaults_room_boxed, vaults_room_ringed_pool,
          hangedman_vaults_variations, v_alt_pattern_1, ontoclasm_vaults_hangar,
          vaults_dpeg_hooks, layout_vaults_omnibox
Vaults:5: serial_shops
Crypt:1:  layout_regular_city, grunt_megastairs_5
Crypt:2:  layout_basic, uniq_saint_roka, uniq_mennas
Crypt:3:  quadcrypt_mu
Depths:1: layout_roguey, chequers_serial_rivers_room_a, hell_entry,
          minmay_protected_statue, grunt_megastairs_4, serial_bayou_shore_a,
          minmay_shop_grove
Depths:2: minmay_chopped_fan, layout_cave_shapes, hell_entry,
          corexii_leaking_fountain, serial_shops, nicolae_stop_n_shop_1,
          pan_entry, infiniplex_staircase_spiral_double
Depths:3: grunt_deathspiral_large, layout_cave_pools, pf_hell_entry_tar_spiral,
          minmay_misc_feat_chi, abyss_entry_small_statue_room,
          grunt_pan_entry_sceptre, kennysheep_opposing_triangles
Depths:4: grunt_zot_entry_hairpin, layout_cave_pools, enter_ziggurat_e,
          basic_altar, hellmouth_1, hangedman_decor_push, horrible_house_mu
Zot:1:    layout_basic
Zot:2:    layout_concentric_octagons, gammafunk_ghost_berserking_beasts
Zot:3:    grunt_zot_stairs_overgrown, layout_misc_corridors
Zot:4:    lemuel_halls_of_wrath, layout_twisted_circle
Zot:5:    layout_twisted_circle, grunt_ministairs_15, lemuel_baited_zot_trap

Skill      XL: |  1  2  3  4  5  6  7  8  9 10 11 12 13 14 15 16 17 18 19 20 21 22 23 24 25 26 27 |
---------------+----------------------------------------------------------------------------------+-----
Fighting       | 4 5 8 9 11 13 14 16 17 18 19 20 21 22 23 24 26 27 | 27.0
Axes           | 5 6 7 10 12 13 15 16 18 19 20 21 22 23 24 25 27 | 27.0
Dodging        | 3 5 6 7 8 9 |  9.1
Stealth        | 2 |  2.0
Armour         | 4 5 6 7 9 10 12 14 16 18 19 20 21 22 24 | 24.5
Spellcasting   | 3 5 6 |  6.0
Invocations    | 5 6 8 10 11 13 14 15 17 18 19 20 21 23 | 23.1
Evocations     | 4 |  4.9
Shields        | 1 4 6 8 10 12 13 14 16 17 18 19 21 23 25 27 | 27.0

Action                   |  1- 3 |  4- 6 |  7- 9 | 10-12 | 13-15 | 16-18 | 19-21 | 22-24 | 25-27 || total
-------------------------+-------+-------+-------+-------+-------+-------+-------+-------+-------++-------
Melee: Hand axe          |   113 |   242 |   526 |   769 |   216 |       |       |       |       ||  1866
       Punch             |     1 |     6 |     6 |    21 |       |       |       |       |       ||    34
       Broad axe         |       |       |       |       |   843 |  1232 |  1394 |  1527 |  1747 ||  6743
       War axe           |       |       |       |       |    58 |       |       |       |       ||    58
Throw: Dart              |       |       |       |       |       |     1 |       |       |       ||     1
Invok: Upheaval          |       |       |       |     8 |    18 |    19 |    10 |    22 |    12 ||    89
       Elemental Force   |       |       |       |       |       |       |     2 |       |       ||     2
       Disaster Area     |       |       |       |       |       |       |     1 |       |     1 ||     2
Evoke: Wand              |       |       |       |     7 |     1 |     7 |     4 |       |     4 ||    23
  Use: Scroll            |       |     1 |     7 |    12 |    13 |    11 |     5 |     1 |     4 ||    54
       Potion            |       |     2 |     3 |     7 |     2 |     2 |    15 |     2 |     8 ||    41
 Stab: Sleeping          |     1 |     2 |       |       |       |       |       |       |       ||     3
       Distracted        |       |     1 |       |       |       |       |       |     1 |     1 ||     3
       Paralysed         |       |       |       |       |     2 |       |     2 |       |       ||     4
       Confused          |       |       |       |       |     2 |       |       |       |       ||     2
       Petrifying        |       |       |       |       |       |     2 |       |       |       ||     2
       Petrified         |       |       |       |       |       |     1 |       |       |       ||     1
Armor: Robe              |    31 |    65 |   112 |     3 |       |       |       |       |       ||   211
       Ring mail         |       |       |       |    32 |       |       |       |       |       ||    32
       Acid dragon scale |       |       |       |   228 |   130 |       |       |       |       ||   358
       Crystal plate arm |       |       |       |       |   625 |   855 |   589 |   708 |   695 ||  3472
Dodge: Dodged            |    69 |   135 |   254 |   406 |   323 |   294 |   250 |   333 |   288 ||  2352
       Repelled          |       |       |       |     4 |     2 |    30 |    37 |     9 |    25 ||   107
Block: Other             |       |       |    27 |   152 |    27 |       |       |       |       ||   206
       Buckler           |       |       |       |       |   695 |   998 |   283 |       |       ||  1976
       Kite shield       |       |       |       |       |       |       |   894 |  1659 |  1754 ||  4307
